 Dungeon Crawl Stone Soup version 0.19.1 (webtiles) character file.

12 Blackhawk the Digger (level 2, -1/19 HPs)
             Began as a Formicid Earth Elementalist on Mar 2, 2017.
             Slain by a hobgoblin
             ... wielding a +0 club
              (3 damage)
             ... on level 2 of the Dungeon.
             The game lasted 00:02:47 (845 turns).

Blackhawk the Digger (Formicid Earth Elementalist)   Turns: 845, Time: 00:02:48

Health: -1/19      AC:  2    Str: 12    XL:     2   Next: 45%
Magic:  0/5        EV: 12    Int: 14    God:
Gold:   33         SH:  0    Dex: 11    Spells: 1 memorised, 4 levels left

rFire  . . .     SeeInvis +     h - +0 short sword
rCold  . . .     Gourm    .     c - +0 robe
rNeg   . . .     Faith    .     (no shield)
rPois  .         Spirit   .     (helmet unavailable)
rElec  .         Reflect  .     (no cloak)
rCorr  .         Harm     .     (no gloves)
MR     .....                    (no boots)
Stlth  ++........               (no amulet)
                                (no ring)
                                (no ring)

@: no status effects
A: permanent stasis, dig shafts and tunnels, four strong arms, antennae 3
a: Dig, Shaft Self


You were on level 2 of the Dungeon.
You were not hungry.

You visited 1 branch of the dungeon, and saw 2 of its levels.

You collected 33 gold pieces.

Inventory:

Hand Weapons
 h - a +0 short sword (weapon)
Missiles
 b - 24 stones (quivered)
Armour
 c - a +0 robe (worn)
Jewellery
 m - a +2 amulet of reflection {unknown}
Scrolls
 g - a scroll of amnesia {unknown}
 i - a scroll of remove curse {unknown}
 j - 3 scrolls of identify {unknown}
 l - a scroll of fear {unknown}
Potions
 f - a potion of curing {unknown}
Books
 e - a book of Geomancy

   Spells                             Type                      Level
   a - Sandblast                      Earth                        1
   b - Passwall                       Transmutation/Earth          2
   c - Stone Arrow                    Conjuration/Earth            3
   d - Petrify                        Transmutation/Earth          4
   e - Lee's Rapid Deconstruction     Earth                        5
Comestibles
 a - a beef jerky
 d - a bread ration
 k - 6 chunks of flesh


   Skills:
 + Level 0.4 Short Blades
 + Level 2.0 Dodging
 + Level 2.5 Stealth
 + Level 2.3 Spellcasting
   Level 1.1 Transmutations
 + Level 3.9 Earth Magic


You had 4 spell levels left.
You knew the following spells:

 Your Spells              Type           Power        Failure   Level  Hunger
a - Sandblast             Erth           ##....       4%          1    #......


Dungeon Overview and Level Annotations

Branches:
Dungeon (2/15)

Altars:

Annotations:
D:2 Ijyb


Innate Abilities, Weirdness & Mutations

You are under a permanent stasis effect.
You can dig through walls and to a lower floor.
Your four strong arms can wield two-handed weapons with a shield.
You have a pair of large antennae on your head. (SInv)


Message History

Press: ? - help, Shift-Dir - straight line, f/p - hobgoblin
Aim: a hobgoblin, wielding a club The blast of sand hits the hobgoblin.
The hobgoblin barely misses you. The goblin closely misses you.
Casting: Sandblast
Confirm with . or Enter, or press ? or * to list all spells.
You don't have enough magic to cast that spell.
Unknown command.
Found a stone staircase leading down.
Ijyb the Twisted Goblin comes into view.
Memorise Passwall, consuming 2 spell levels and leaving 2?
The hobgoblin hits you with a club.
Your memorisation is interrupted.
* * * LOW HITPOINT WARNING * * *
Memorise Passwall, consuming 2 spell levels and leaving 2?
Ijyb shouts!
The hobgoblin hits you with a club.
Your memorisation is interrupted.
* * * LOW HITPOINT WARNING * * *
Memorise Passwall, consuming 2 spell levels and leaving 2?
The hobgoblin hits you with a club.
Your memorisation is interrupted.
You die...

.........
#......##
####.....<.#
#..........# ###.#
#......###
###)..###)(.K.....
#gK......#......K.
#g###(...........w
#@# ####.#........
#..# #.#........
#.## #..........
.. #.......... ...
<.#.####... ..g.
.##.. .>... ......


You could see Ijyb, a hobgoblin, a goblin and a kobold.

Vanquished Creatures
  A dart slug (D:1)
  A goblin (D:2)
  A ball python (D:1)
  2 bats (D:1)
  A frilled lizard (D:1)
  3 kobolds
  2 rats (D:1)
11 creatures vanquished.

Notes
Turn   | Place    | Note
-------+----------+-------------------------------------------
     0 | D:1      | Blackhawk the Formicid Earth Elementalist began the quest for the Orb.
     0 | D:1      | Reached XP level 1. HP: 13/13 MP: 3/3
   684 | D:1      | Reached XP level 2. HP: 18/19 MP: 5/5
   816 | D:1      | You fall through a shaft!
   842 | D:2      | Noticed Ijyb
   845 | D:2      | Slain by a hobgoblin

Skill      XL: |  1 |
---------------+----+-----
Dodging        | 2 |  2.0
Short Blades   | |  0.4
Stealth        | |  2.5
Spellcasting   | |  2.3
Transmutations | |  1.1
Earth Magic    | |  3.9

Action                   || total
-------------------------++-------
Melee: Short sword       ||    46
       Unarmed           ||     4
 Cast: Sandblast         ||     7
Armor: Robe              ||    17
Dodge: Dodged            ||    53
